 Dungeon Crawl Stone Soup version 0.27.1-1-g398f81649c (webtiles) character file.

Game seed: 13962589547090423328

417 Atelerd the Digger (level 6, -4/38 HPs)
             Began as an Octopode Earth Elementalist on Sept 21, 2021.
             Was an Initiate of Sif Muna.
             Slain by an iguana (12 damage)
             ... on level 4 of the Dungeon.
             The game lasted 00:06:21 (4173 turns).

Atelerd the Digger (Octopode Earth Elementalist)    Turns: 4173, Time: 00:06:22

Health: -4/38      AC:  1    Str:  7    XL:     6   Next: 93%
Magic:  5/10       EV: 17    Int: 26    God:    Sif Muna [......]
Gold:   124        SH:  0    Dex: 12    Spells: 5/10 levels left

rFire    . . .     SeeInvis .   m - +0 dagger (venom)
rCold    . . .     Faith    .   (no shield)
rNeg     . . .     Spirit   .   (helmet restricted)
rPois    .         Reflect  .   (no amulet)
rElec    .         Harm     .   d - +6 ring of intelligence
rCorr    .         Rampage  .   h - +4 ring of evasion
Will     .....                  (no ring)
Stlth    +++.......             (no ring)
HPRegen  0.12/turn              (no ring)
MPRegen  0.12/turn              (no ring)
                                (no ring)
                                (no ring)

@: mighty, lethally poisoned (-4 -> -7), very slightly contaminated
A: almost no armour, amphibious, 8 rings, camouflage 1, gelatinous body 1,
(nimble swimmer 1), tentacles
a: Renounce Religion


You were on level 4 of the Dungeon.
You worshipped Sif Muna.
Sif Muna was noncommittal.
You visited 1 branch of the dungeon, and saw 4 of its levels.

You collected 124 gold pieces.

Inventory:

Hand Weapons
 c - a +0 dagger
 e - a +2 dagger of speed
 m - a +0 dagger of venom (weapon)
 s - the +3 dagger "Dragonslayer" {vorpal, rF+ Int-5 SInv}
   (You found it on level 4 of the Dungeon)

   It inflicts extra damage upon your enemies.
   Int:       It affects your intelligence (-5).
   rF:        It protects you from fire.
   SInv:      It lets you see invisible.
Missiles
 b - 44 stones
Armour
 n - a +0 buckler
Jewellery
 d - a +6 ring of intelligence (left tentacle)
 h - a +4 ring of evasion (right tentacle)
Wands
 t - a wand of mindburst (3)
Scrolls
 f - a scroll of brand weapon {unknown}
 i - 2 scrolls of fog {unknown}
 j - 2 scrolls of identify {unknown}
 k - 3 scrolls of teleportation {unknown}
 l - a scroll of enchant weapon {unknown}
 o - a scroll of fear {unknown}
 r - a scroll of noise {unknown}
Potions
 a - a potion of curing {unknown}
 p - a potion of mutation {unknown}
 q - a potion of resistance {unknown}


   Skills:
 + Level 1.3 Fighting
 + Level 1.4 Short Blades
 + Level 2.5 Dodging
 + Level 4.2 Stealth
 + Level 1.6 Shields
 + Level 2.8 Spellcasting
 * Level 3.2 Transmutations
 * Level 4.4 Earth Magic
 + Level 1.0 Invocations


You had 5 spell levels left.
You knew the following spells:

 Your Spells              Type           Power      Damage    Failure   Level
a - Sandblast             Erth           52%        2d12      1%          1
p - Petrify               Tmut/Erth      23%        N/A       21%         4

Your spell library contained the following spells:

 Spells                   Type           Power      Damage    Failure   Level
 Passwall                 Tmut/Erth      19%        N/A       3%          2
 Stone Arrow              Conj/Erth      30%        3d8       12%         3
 Sublimation of Blood     Necr           1%         N/A       14%         2
 Irradiate                Conj/Tmut      6%         3d16      80%         5


Dungeon Overview and Level Annotations

Branches:
Dungeon (4/15)             Temple (0/1) D:4

Altars:
Cheibriados
Makhleb
Sif Muna
Yredelemnul
Zin

Portals:
Abyss: D:4

Annotations:
D:4 2 transporters, Cykl0x's ghost, amateur MiFi


Innate Abilities, Weirdness & Mutations

You cannot wear most types of armour.
You are amphibious.
You can wear up to eight rings at the same time.
Your skin changes colour to match your surroundings (Stealth+).
Your rubbery body absorbs attacks. (AC +1, EV +1)
((You are camouflaged near water. (Stealth+)))
You have tentacles for arms and can constrict up to eight enemies at once.


Message History

You feel sick. The adder bites you.
You are more poisoned.
The adder poisons you!
Casting: Sandblast (safe; 1% risk of failure)
Confirm with . or Enter, or press ? or * to list all spells.
Aiming: Sandblast (safe; 1% risk of failure)
Press: ? - help, Shift-Dir - straight line, f/p - adder
Aim: an adder (moderately wounded, 68% to hit)
You miscast Sandblast.
You are very lightly contaminated with residual magic.
Nothing appears to happen.
You feel sick. The adder barely misses you. The iguana misses you.
The adder misses you.
Unknown command.
Casting: Sandblast (safe; 1% risk of failure)
Confirm with . or Enter, or press ? or * to list all spells.
Aiming: Sandblast (safe; 1% risk of failure)
Press: ? - help, Shift-Dir - straight line, f - iguana, p - adder
Aim: an iguana (83% to hit)
The blast of sand hits the iguana.
The iguana is moderately wounded.
You feel sick. The iguana bites you!
* * * LOW HITPOINT WARNING * * *
A jackal comes into view.
The adder misses you.
Unknown command.
Okay, then.
Okay, then.
Unknown command.
You feel sick.
Unknown command.
Unknown command.
Casting: Sandblast (safe; 1% risk of failure)
Confirm with . or Enter, or press ? or * to list all spells.
Okay, then.
Unknown command.
Okay, then.
It was a potion of might.
You feel very mighty all of a sudden.
You feel sick. The iguana bites you!
You die...

#.........(..##.#####<###
#............##.#######
#..................#
#..................#
#.......#####......#
#........#......####
#........#.##....#
.........# #....########
.........# #...@lSh.....
#.####o.....# #. .####..
#. ##J(##. #. '..$[#.
#l.$)#. ##..##. ##'##..


You could see an iguana, an adder, an orc, an endoplasm and a jackal.

Vanquished Creatures
  A necrophage (D:4)
  A centaur (D:4)
  2 orc priests
  Terence (D:3)
  An iguana (D:4)
  An orc wizard (D:3)
  Robin (D:3)
  A gnoll (D:3)
  A dart slug (D:2)
  13 orcs
  6 ball pythons
  4 endoplasms
  5 giant cockroaches
  14 goblins
  7 hobgoblins
  10 kobolds
  A quokka (D:2)
  3 bats
  4 frilled lizards
  A jackal skeleton (D:4)
  4 rats
82 creatures vanquished.

Notes
Turn   | Place    | Note
-------+----------+-------------------------------------------
     0 | D:1      | Atelerd the Octopode Earth Elementalist began the quest for
                  | the Orb.
     0 | D:1      | Reached XP level 1. HP: 11/11 MP: 3/3
   184 | D:1      | Reached XP level 2. HP: 17/17 MP: 5/5
  1143 | D:1      | Reached XP level 3. HP: 21/21 MP: 4/6
  1465 | D:2      | Found a faded altar of an unknown god.
  1963 | D:3      | Found a snail-covered altar of Cheibriados.
  2363 | D:3      | Reached XP level 4. HP: 27/27 MP: 5/7
  2731 | D:3      | Reached XP level 5. HP: 26/32 MP: 4/8
  2966 | D:3      | Learned a level 4 spell: Petrify
  2983 | D:3      | Found a burning altar of Makhleb.
  2983 | D:3      | Noticed a balrug
  2984 | D:3      | Found a glowing silver altar of Zin.
  2985 | D:3      | Noticed an angel
  3023 | D:3      | Found a shimmering blue altar of Sif Muna.
  3093 | D:3      | Noticed Robin
  3172 | D:3      | Became a worshipper of Sif Muna the Loreminder
  3202 | D:3      | Reached skill level 1 in Shields
  3308 | D:3      | Killed Robin
  3385 | D:3      | Noticed Terence
  3398 | D:3      | Killed Terence
  3399 | D:3      | Reached skill level 1 in Short Blades
  3519 | D:3      | Found a basalt altar of Yredelemnul.
  3858 | D:4      | Found a staircase to the Ecumenical Temple.
  3858 | D:4      | Noticed a necrophage
  3867 | D:4      | Reached skill level 1 in Fighting
  3867 | D:4      | Reached XP level 6. HP: 33/38 MP: 2/10
  3882 | D:4      | Killed a necrophage
  3996 | D:4      | Identified the +3 dagger "Dragonslayer" {vorpal, rF+ Int-5
                  | SInv}
  4064 | D:4      | Found a transporter.
  4098 | D:4      | Found a transporter.
  4098 | D:4      | Found a one-way gate to the infinite horrors of the Abyss.
  4098 | D:4      | Noticed Cykl0x's ghost (amateur MiFi)
  4169 | D:4      | Reached skill level 1 in Invocations
  4173 | D:4      | Slain by an iguana

Illustrated notes

Levels and vault maps discovered:
D:1:      saegor_arrival_simple_b, layout_loops_ring
D:2:      layout_loops_ring, dreamdust_ecumenical_altar_statues, st_stairs_14,
          amcnicky_mini_pool_small
D:3:      minmay_recursive_quarters, layout_basic,
          grunt_temple_overflow_order_and_chaos_2, mainiacjoe_overflow_alcove_2,
          general_overflow_altar, mainiacjoe_overflow_surrounded_room,
          uniq_robin, uniq_terence
D:4:      layout_basic, fedhas_altar_2, nemelex_xobeh_ov_fountains_minmay,
          minmay_temple_entry_large_hall, gammafunk_ghost_abyssal_escape,
          minmay_joined_circles

Skill      XL: |  1  2  3  4  5  6 |
---------------+-------------------+-----
Stealth        | 3 4 |  4.2
Transmutations | 2 3 |  3.2
Shields        | 1 |  1.6
Short Blades   | 1 |  1.4
Earth Magic    | 4 |  4.4
Fighting       | 1 |  1.3
Invocations    | 1 |  1.0
Dodging        | |  2.5
Spellcasting   | |  2.8

Action                   |  1- 3 |  4- 6 || total
-------------------------+-------+-------++-------
Melee: Unarmed           |     3 |       ||     3
       Dagger            |    42 |    45 ||    87
       Constrict         |    11 |    10 ||    21
       Tentacles         |     7 |     9 ||    16
 Cast: Sandblast         |    22 |    49 ||    71
       Petrify           |       |     1 ||     1
  Use: Potion            |       |     1 ||     1
 Stab: Sleeping          |    14 |     1 ||    15
       Petrified         |       |     5 ||     5
Armor: Skin              |     5 |     1 ||     6
Dodge: Dodged            |    19 |    44 ||    63
